 Dungeon Crawl Stone Soup version 0.32-a0-540-g866d13106e (webtiles) character file.

Game seed: 5226269869580018794

35 Dittersdorf the Trooper (level 3, -3/24 HPs)
             Began as a Gargoyle Fighter on Feb 28, 2024.
             Slain by a cerulean imp
             ... wielding a +1 spear
             ... summoned by Natasha
              (5 damage)
             ... on level 2 of the Dungeon.
             The game lasted 00:00:32 (729 turns).

Dittersdorf the Trooper (Gargoyle Fighter)           Turns: 729, Time: 00:00:32

Health: -3/24      AC: 10    Str: 21    XL:     3   Next: 33%
Magic:  3/3        EV:  9    Int:  8    God:
Gold:   30         SH:  4    Dex:  9    Spells: 2/2 levels left

rFire   . . .        a - +0 flail
rCold   . . .        c - +0 buckler
rNeg    + . .        b - +0 scale mail
rPois   ∞            (no helmet)
rElec   +            (no cloak)
rCorr   .            (no gloves)
SInv    .            (no boots)
Will    .....        (no amulet) Stlth
                     (no ring)
HPRegen 0.24/turn    (no ring)
MPRegen 0.08/turn

%: no passive effects
@: no status effects
A: sickness immunity, AC +3, negative energy resistance 1, electricity
resistance, torment resistance 1, petrification resistance
a: no special abilities


You were on level 2 of the Dungeon.
You visited 1 branch of the dungeon, and saw 2 of its levels.

You collected 30 gold pieces.

Inventory:

Hand Weapons
 a - a +0 flail (weapon)
Armour
 b - a +0 scale mail (worn)
 c - a +0 buckler (worn)
Scrolls
 e - a scroll of identify {unknown}
 f - a scroll of poison {unknown}
 g - a scroll of revelation {unknown}
Potions
 d - 2 potions of might


   Skills:
 + Level 3.7 Fighting
 + Level 2.5 Maces & Flails
 + Level 3.7 Armour
 + Level 3.7 Shields


You had 2 spell levels left.
You didn't know any spells.
Your spell library was empty.

Dungeon Overview and Level Annotations

Branches:
Dungeon (2/15)

Altars:

Annotations:
D:2 Natasha


Innate Abilities, Weirdness & Mutations

You are immune to sickness and miasma.
Your stone body is resilient. (AC +3)
You are immune to poison.
You resist negative energy. (rN+)
You are resistant to electric shocks. (rElec)
You are resistant to unholy torment.
You are immune to petrification.


Message History

Natasha glows brightly for a moment.
Natasha stares at you and mumbles some strange words.
The magic dart hits you! The rat bites you but does no damage.
You completely miss the rat. The rat bites you but does no damage.
Natasha mumbles some strange words.
You closely miss the rat. The rat bites you but does no damage.
The cerulean imp hits you from afar with a +1 spear.
You barely miss the rat. You block the rat's attack.
Natasha howls an incantation.
Natasha's front paws start to glow.
The cerulean imp completely misses you. You block Natasha's attack.
The rat bites you but does no damage.
You completely miss Natasha.
The cerulean imp hits you but does no damage.
Natasha zaps a wand.
The puff of flame hits you!
Ouch! That really hurt!
* * * LOW HITPOINT WARNING * * *
The rat bites you but does no damage. The cerulean imp closely misses you.
You are too injured to fight recklessly!
You are too injured to fight recklessly!
You are too injured to fight recklessly!
You are too injured to fight recklessly!
You are too injured to fight recklessly!
You are too injured to fight recklessly!
You are too injured to fight recklessly!
You are too injured to fight recklessly!
You are too injured to fight recklessly!
You are too injured to fight recklessly!
You are too injured to fight recklessly!
You are too injured to fight recklessly!
You are too injured to fight recklessly!
You are too injured to fight recklessly!
You are too injured to fight recklessly!
You are too injured to fight recklessly!
You are too injured to fight recklessly!
Natasha stares at you and mumbles some strange words.
The magic dart hits you but does no damage.
The rat closely misses you.
The cerulean imp hits you with a +1 spear.
You die...

# )# ###.
... ..#
..#
###†.###..
#..h......
#.@r.#####
+..5.#
#...##
#...#
#...#
#$..#
#...#
#...#


You could see Natasha, a cerulean imp (summoned) and a rat.

Vanquished Creatures
  A gnoll (D:1)
  A dart slug (D:1)
  2 ball pythons (D:1)
  4 bats
  An endoplasm (D:1)
  A giant cockroach (D:1)
  3 goblins (D:1)
  3 hobgoblins
  A kobold (D:1)
  2 frilled lizards (D:1)
  4 rats
23 creatures vanquished.

Notes
Turn   | Place    | Note
-------+----------+-------------------------------------------
     0 | D:1      | Dittersdorf the Gargoyle Fighter began the quest for the
                  | Orb.
     0 | D:1      | Reached XP level 1. HP: 14/14 MP: 1/1
   135 | D:1      | Reached XP level 2. HP: 19/19 MP: 2/2
   553 | D:1      | Reached XP level 3. HP: 24/24 MP: 3/3
   722 | D:2      | Noticed Natasha
   728 | D:2      | HP: 1/24 [Natasha/puff of flame (13)]
   729 | D:2      | Slain by a cerulean imp

Illustrated notes

Levels and vault maps discovered:
D:1:      amcnicky_arrival_gap_in_the_tavern_cellar, layout_basic
D:2:      layout_basic, serial_shops, nicolae_shop_drivethru,
          nicolae_shop_trees, shop, hellmonk_ecumenical_altar_inner_sanctum,
          minmay_fractal_squares_gapless_5, uniq_natasha

Action                     || total
---------------------------++-------
  Melee: Flail             ||    74
 Armour: Scale mail        ||    65
  Dodge: Dodged            ||    37
  Block: Buckler           ||    18

Table legend: (Time is in decaauts)
 A = Elapsed time spent in this place.
 B = Non-inter-level travel time spent in this place.
 C = Inter-level travel time spent in this place.
 D = Time resting spent in this place.
 E = Time spent auto-exploring this place.
 F = Levels seen in this place.
 G = Mean time per level.
                   A        B        C        D        E       F      G
               +--------+--------+--------+--------+--------+-----+--------+
         Total |    753 |    725 |     28 |      0 |    557 |   2 |  376.5 |
       Dungeon |    753 |    725 |     28 |      0 |    557 |   2 |  376.5 |
               +--------+--------+--------+--------+--------+-----+--------+

Top non-repeatable levels by time:
     D:1: 735 daAuts
     D:2: 18 daAuts
